 Dungeon Crawl Stone Soup version 0.30-a0-6-g7c9e10e132 (webtiles) character file.

Game seed: 6402833725866355354

129 Setbun the Magician (level 5, -1/60 HPs)
             Began as a Djinni Cinder Acolyte on Aug 22, 2022.
             Was a High Priest of Ignis.
             Slain by a goblin
             ... wielding a +0 dagger
             ... led by Robin
              (3 damage)
             ... on level 3 of the Dungeon.
             The game lasted 00:03:39 (3624 turns).

Setbun the Magician (Djinni Cinder Acolyte)         Turns: 3624, Time: 00:03:39

Health: -1/60      AC: 22    Str: 13    XL:     5   Next: 35%
Gold:   105        EV:  2    Int: 18    God:    Ignis [*****.] SH:  0 Dex:  8

rFire   + . .      SeeInvis .    a - -1 falchion (flame)
rCold   . . .      Faith    .    (no shield)
rNeg    + . .      Spirit   .    (body armour currently unavailable)
rPois   ∞          Reflect  .    (helmet currently unavailable)
rElec   .          Harm     .    (cloak currently unavailable)
rCorr   .          Rampage  .    (gloves currently unavailable)
Will    .....      NoTele   +    (boots unavailable)
Stlth   +.........               (no amulet)
HPRegen 0.20/turn                p - ring of positive energy
MPRegen 0.00/turn                (no ring)

@: tree-form (expiring)
A: stationary, stasis, torment immunity, boosted hp, sickness immunity, (fire
resistance 2), (cold vulnerability 1), float, innate caster, HP casting, extra
vitality 1
a: Renounce Religion, Fiery Armour, Foxfire Swarm, Rising Flame


You were on level 3 of the Dungeon.
You worshipped Ignis.
Ignis was extremely pleased with you.
You were a tree.
You visited 1 branch of the dungeon, and saw 3 of its levels.

You collected 105 gold pieces.

Inventory:

Hand Weapons
 a - a -1 falchion of flaming (weapon)
Armour
 b - a +0 robe (melded)
 s - a +0 helmet (melded)
Jewellery
 p - a ring of positive energy (left branch)
Wands
 c - a wand of roots (6)
Scrolls
 d - 2 scrolls of poison {unknown}
 f - 4 scrolls of identify {unknown}
 i - 2 scrolls of magic mapping {unknown}
 j - 3 scrolls of noise {unknown}
 k - a scroll of blinking {unknown}
 l - a scroll of vulnerability {unknown}
 n - a scroll of summoning {unknown}
 o - 2 scrolls of teleportation {unknown}
 r - a scroll of silence {unknown}
 t - a scroll of amnesia {unknown}
Potions
 e - a potion of mutation {unknown}
 g - a potion of haste {unknown}
 h - 2 potions of invisibility {unknown}
 m - a potion of lignification {unknown}
 q - 4 potions of brilliance {unknown}


   Skills:
 - Level 3.0 Fighting
 - Level 2.6 Long Blades
 * Level 4.4 Spellcasting


You had 7 spell levels left.
You knew the following spells:

 Your Spells              Type           Power      Damage    Failure   Level
a - Scorch                Fire           38%        2d7       3%          2
b - Summon Small Mammal   Summ           76%        N/A       2%          1
c - Searing Ray           Conj           38%        2d5       3%          2
Your spell library was empty.

Dungeon Overview and Level Annotations

Branches:
Dungeon (3/15)

Altars:

Shops:
D:1 :


Innate Abilities, Weirdness & Mutations

You are a tree.
Your roots penetrate the ground, keeping you stationary.
You cannot be teleported.
You are immune to unholy pain and torment.
Your maximum health is greatly increased.
Your equipment is partially melded.
You are immune to sickness and miasma.
You are immune to poison.
((Your flesh is very heat resistant. (rF++)))
((You are vulnerable to cold. (rC-)))
You float through the air rather than walking.
You learn spells naturally, not from books.
Your magical power is your life essence.
You have superior vitality. (+4 MHP)


Message History

Robin hits you with a +0 club.
* * * LOW HITPOINT WARNING * * *
You hear an angry hiss.
Casting: Scorch (safe; 3% risk of failure)
Press: ? - help, Q - select action, (/) - cycle Dir - look around, f - activate Flames lash Robin.
Robin is burned terribly!
You kill Robin!
* * * LOW HITPOINT WARNING * * *
A goblin comes into view. It is wielding a +0 dagger.
Your magical contamination has completely faded away.
A goblin comes into view. It is wielding a +0 dagger.
Casting: Scorch (safe; 3% risk of failure)
Press: ? - help, Q - select action, (/) - cycle Dir - look around, f - activate Flames lash the goblin.
You kill the goblin!
* * * LOW HITPOINT WARNING * * *
Unknown command.
Casting: Scorch (safe; 3% risk of failure)
Press: ? - help, Q - select action, (/) - cycle Dir - look around, f - activate
Okay, then.
A goblin comes into view. It is wielding a +0 club.
Casting: Scorch (safe; 3% risk of failure)
Press: ? - help, Q - select action, (/) - cycle Dir - look around, f - activate
Okay, then.
Aiming: Searing Ray (safe; 3% risk of failure)
Press: ? - help, Q - select action, (/) - cycle Shift-Dir - straight line, f - goblin
Aim: a goblin, wielding a +0 dagger (72% to hit)
The searing ray misses the goblin.
The searing ray hits the goblin.
You kill the goblin! (Press . to maintain the ray.)
* * * LOW HITPOINT WARNING * * *
A goblin is nearby!
You don't have enough health to cast this spell.
You closely miss the goblin. The goblin hits you but does no damage.
You closely miss the goblin.
Your transformation is almost over.
The goblin hits you but does no damage.
You barely miss the goblin. The goblin hits you but does no damage.
The goblin hits you with a +0 dagger.
You die...

##...#...##....#
##...........#....#
#..†........###.#.#
#...........# #....#
#...........# ###..#
##.........## ..#
#..<.#...## ..>#
#...)###########.#...
#.....))))♣g)).......
#....#########.......
#....# #.........?..
#...g####..........#.
#.##...g#............
#. ####.gggggg.......
#. ######...).###
#.#.#..# $..#.# ..gg


You could see a goblin.

Vanquished Creatures
  Terence (D:2)
  Robin (D:3)
  An adder (D:2)
  A worm (D:2)
  5 dart slugs
  3 orcs (D:3)
  3 endoplasms (D:2)
  A giant cockroach (D:1)
  8 hobgoblins
  3 jackals (D:3)
  A quokka (D:1)
  3 ball pythons
  4 bats
  6 frilled lizards
  14 goblins
  9 kobolds
  3 rats
  2 bushes (D:2)
69 creatures vanquished.

Vanquished Creatures (others)
  12 plants (D:2)
12 creatures vanquished.

Grand Total: 81 creatures vanquished

Notes
Turn   | Place    | Note
-------+----------+-------------------------------------------
     0 | D:1      | Setbun the Djinni Cinder Acolyte began the quest for the
                  | Orb.
     0 | D:1      | Setbun set off with the following spells memorised: Scorch.
     0 | D:1      | Reached XP level 1. HP: 20/20 MP: 0/0
   104 | D:1      | Found a faded altar of an unknown god.
   109 | D:1      | Reached XP level 2. HP: 23/25 MP: 0/0
   364 | D:1      | Found Unnun Uga's Book Emporium.
   377 | D:1      | Reached skill level 3 in Spellcasting
   710 | D:1      | Reached XP level 3. HP: 5/30 MP: 0/0
   710 | D:1      | Learned a level 1 spell: Summon Small Mammal
  2231 | D:2      | Noticed Terence
  2239 | D:2      | Killed Terence
  2240 | D:2      | Reached XP level 4. HP: 14/35 MP: 0/0
  2621 | D:2      | Reached skill level 4 in Spellcasting
  3237 | D:3      | Reached XP level 5. HP: 16/40 MP: 0/0
  3237 | D:3      | Learned a level 2 spell: Searing Ray
  3579 | D:3      | Noticed Robin
  3615 | D:3      | Killed Robin
  3624 | D:3      | Slain by a goblin

Illustrated notes

Levels and vault maps discovered:
D:1:      zaba_arrival_water, layout_rooms, hellmonk_ecumenical_altar_lost_god,
          serial_shops, nicolae_shop_behind_doors,
          chequers_serial_rivers_micro_b
D:2:      layout_loops_ring, serial_forest, infiniplex_forest_clump_long,
          infiniplex_forest_clump_C, infiniplex_forest_corner_2,
          infiniplex_forest_clump_small, infiniplex_forest_side_room,
          infiniplex_forest_lined_2, infiniplex_forest_lined_ring,
          infiniplex_forest_clump_small, kennysheep_generic_room_13,
          uniq_terence
D:3:      layout_rooms, minmay_misc_feat_encased, uniq_robin

Skill      XL: |  1  2  3  4 |
---------------+-------------+-----
Spellcasting   | 3 4 |  4.4
Fighting       | |  3.0
Long Blades    | |  2.6

Action                   |  1- 3 |  4- 6 || total
-------------------------+-------+-------++-------
Melee: Falchion          |   264 |    39 ||   303
       Punch             |     7 |     1 ||     8
 Cast: Scorch            |    44 |    30 ||    74
       Searing Ray       |       |     8 ||     8
Evoke: Wand              |     1 |       ||     1
Armor: Robe              |     4 |     5 ||     9
       Skin              |       |     6 ||     6
Dodge: Dodged            |    21 |    17 ||    38

Table legend: (Time is in decaauts)
 A = Elapsed time spent in this place.
 B = Non-inter-level travel time spent in this place.
 C = Inter-level travel time spent in this place.
 D = Time resting spent in this place.
 E = Time spent auto-exploring this place.
 F = Levels seen in this place.
 G = Mean time per level.
                   A        B        C        D        E       F      G
               +--------+--------+--------+--------+--------+-----+--------+
         Total |   3674 |   3539 |    135 |    516 |   2399 |   3 | 1224.7 |
       Dungeon |   3674 |   3539 |    135 |    516 |   2399 |   3 | 1224.7 |
               +--------+--------+--------+--------+--------+-----+--------+

Top non-repeatable levels by time:
     D:2: 2095 daAuts
     D:1: 1107 daAuts
     D:3: 472 daAuts
